 Dungeon Crawl Stone Soup version 0.27-a0-1149-g4505690ab0 (webtiles) character file.

Game seed: 5206766436629894320

107 Lekart the Skirmisher (level 4, -4/42 HPs)
             Began as a Draconian Chaos Knight on May 13, 2021.
             Was a Plaything of Xom.
             Slain by Sigmund
             ... wielding a +0 scythe
              (10 damage)
             ... on level 2 of the Dungeon.
             The game lasted 00:01:43 (1113 turns).

Lekart the Skirmisher (Draconian Chaos Knight)      Turns: 1113, Time: 00:01:44

Health: -4/42      AC:  5    Str: 14    XL:     4   Next: 57%
Magic:  4/4        EV: 11    Int: 13    God:    Xom [..*...]
Gold:   59         SH:  3    Dex: 11    Spells: 3/3 levels left

rFire    . . .     SeeInvis .   a - +0 falchion (chaos)
rCold    . . .     Faith    .   d - +0 buckler
rNeg     . . .     Spirit   .   (armour unavailable)
rPois    .         Reflect  .   (helmet restricted)
rElec    .         Harm     .   (no cloak)
rCorr    .         Rampage  .   (no gloves)
Will     .....                  (no boots)
Stlth    +.........             (no amulet)
HPRegen  0.14/turn              (no ring)
MPRegen  0.09/turn              (no ring)

@: no status effects
A: AC +5, unfitting armour, cold-blooded
a: Renounce Religion


You were on level 2 of the Dungeon.
You worshipped Xom.
You were a toy of Xom.
You visited 1 branch of the dungeon, and saw 2 of its levels.

You collected 59 gold pieces.

Inventory:

Hand Weapons
 a - a +0 falchion of chaos (weapon)
Armour
 d - a +0 buckler (worn)
Scrolls
 c - a scroll of enchant weapon


   Skills:
 * Level 5.0 Fighting
 + Level 3.7 Long Blades
 + Level 2.6 Dodging


You had 3 spell levels left.
You didn't know any spells.
Your spell library was empty.

Dungeon Overview and Level Annotations

Branches:
Dungeon (2/15)

Altars:

Annotations:
D:2 Sigmund


Innate Abilities, Weirdness & Mutations

Your plain brown scales are hard. (AC +5)
You cannot fit into any form of body armour.
You are cold-blooded and may be slowed by cold attacks.


Message History

Sigmund drinks a potion.
Sigmund seems to speed up.
Sigmund is nearby!
Sigmund is nearby!
Sigmund closely misses you.
You aren't carrying any items that you can evoke.
Okay, then.
Sigmund barely misses you. Sigmund hits you with a +0 scythe!
You hit Sigmund but do no damage. Sigmund closely misses you.
It was a potion of heal wounds.
You feel much better. Sigmund closely misses you.
You riposte.
You hit Sigmund.
Sigmund's magic leaks into the air.
Sigmund is lightly wounded.
Sigmund barely misses you.
You hit Sigmund. Lightning courses through Sigmund!!
Sigmund is severely wounded.
Sigmund gestures at himself while chanting.
Sigmund flickers and vanishes!
Deactivating autopickup; reactivate with Ctrl-A.
Something hits you.
No target in view!
No target in view!
No target in view!
You closely miss something. You barely miss something. Something hits you!
Something barely misses you.
You miss something. You tail-slap something. Something hits you!
You hit something but do no damage. Something hits you.
You hit something.
Nothing appears to happen.
You tail-slap something.
You hear some strange, mumbled words.
A puff of flame appears from out of thin air!
The puff of flame hits you!
* * * LOW HITPOINT WARNING * * *
Something hits you.
* * * LOW HITPOINT WARNING * * *
You miss something.
You hear some strange, mumbled words.
A puff of flame appears from out of thin air!
The puff of flame hits you.
* * * LOW HITPOINT WARNING * * *
Something hits you!
You die...

###.....####.
#..........#
#..........#
#..........#
+.......####
#####.......#
#...........#
#.......#####
#..{@...#
#....####
........#
........#
........#
........#
.....####
.....


There were no monsters in sight!

Vanquished Creatures
  A black bear (shapeshifter) (D:1)
  A ball python (D:1)
  An endoplasm (D:1)
  2 giant cockroaches (D:1)
  3 hobgoblins
  2 kobolds (D:1)
  4 bats
  3 frilled lizards (D:1)
  4 goblins (D:1)
  3 rats (D:1)
24 creatures vanquished.

Notes
Turn   | Place    | Note
-------+----------+-------------------------------------------
     0 | D:1      | Lekart the Draconian Chaos Knight began the quest for the
                  | Orb.
     0 | D:1      | Reached XP level 1. HP: 19/19 MP: 1/1
    36 | D:1      | XOM: silly message
   107 | D:1      | XOM: silly message
   344 | D:1      | Reached XP level 2. HP: 15/27 MP: 2/2
   480 | D:1      | XOM: noise
   498 | D:1      | Noticed a shapeshifter
   498 | D:1      | a goblin changed into a shapeshifter
   498 | D:1      | Noticed a black bear
   498 | D:1      | a shapeshifter changed into a black bear
   508 | D:1      | Killed a black bear
   509 | D:1      | Reached skill level 4 in Fighting
   509 | D:1      | Reached XP level 3. HP: 4/35 MP: 3/3
   509 | D:1      | Reached XP level 4. HP: 4/41 MP: 4/4
   531 | D:1      | XOM: divination: detect items
   645 | D:1      | XOM: divination: detect creatures
  1013 | D:1      | Reached skill level 5 in Fighting
  1100 | D:2      | Noticed Sigmund
  1113 | D:2      | Slain by Sigmund

Illustrated notes

Levels and vault maps discovered:
D:1:      tarquinn_simple_flora_water_d, layout_rooms
D:2:      layout_basic, uniq_sigmund, uniq_natasha

Skill      XL: |  1  2  3  4 |
---------------+-------------+-----
Fighting       | 4 5 |  5.0
Long Blades    | |  3.7
Dodging        | |  2.6

Action                   |  1- 3 |  4- 6 || total
-------------------------+-------+-------++-------
Melee: Falchion          |    41 |    33 ||    74
       Tailslap          |     5 |     8 ||    13
  Use: Scroll            |     1 |       ||     1
       Potion            |       |     1 ||     1
Armor: Skin              |    19 |     6 ||    25
Dodge: Dodged            |    22 |    28 ||    50
       Rpst.: Falchion   |     4 |     9 ||    13

Table legend: (Time is in decaauts)
 A = Elapsed time spent in this place.
 B = Non-inter-level travel time spent in this place.
 C = Inter-level travel time spent in this place.
 D = Time resting spent in this place.
 E = Time spent auto-exploring this place.
 F = Levels seen in this place.
 G = Mean time per level.
                   A        B        C        D        E       F      G
               +--------+--------+--------+--------+--------+-----+--------+
         Total |   1122 |   1098 |     24 |    564 |    346 |   2 |  561.0 |
       Dungeon |   1122 |   1098 |     24 |    564 |    346 |   2 |  561.0 |
               +--------+--------+--------+--------+--------+-----+--------+

Top non-repeatable levels by time:
     D:1: 1063 daAuts
     D:2: 59 daAuts
